 Dungeon Sprint DCSS version 0.31.0-12-g77e489cdc1 (webtiles) character file.

Game seed: 13050128934963552969

27 Minsecho the Conjurer (level 3, -3/27 (33) HPs)
             Began as a Tengu Reaver on Feb 18, 2024.
             Slain by Crazy Yiuf
             ... wielding a +3 quarterstaff of chaos
              (7 damage)
             ... in the Dungeon (Sprint III: "The Ten Rune Challenge").
             The game lasted 00:01:01 (96 turns).

Minsecho the Conjurer (Tengu Reaver)                  Turns: 96, Time: 00:01:01

HP:   -3/27 (33)    AC:  3    Str: 12    XL:     3   Next: 10%
MP:   3/7           EV: 12    Int: 13    God:
Gold: 0             SH:  0    Dex: 14    Spells: 6/7 levels left

rFire   . . .        a - +0 falchion
rCold   . . .        (no shield)
rNeg    . . .        b - +0 leather armour
rPois   .            (helmet restricted)
rElec   .            (no cloak)
rCorr   .            (no gloves)
SInv    .            (boots unavailable)
Will    .....        (no amulet) Stlth
                     (no ring)
HPRegen 0.24/turn    (no ring)
MPRegen 0.10/turn

%: no teleportation, acrobat
@: berserking, heavily drained, very quick
A: beak, talons 3, acrobatic
a: no special abilities


You were in the Dungeon.
You visited 1 branch

Inventory:

Hand Weapons
 a - a +0 falchion (weapon)
Armour
 b - a +0 leather armour (worn)
Scrolls
 h - a scroll of blinking
 i - a scroll of identify {unknown}
Potions
 d - a potion of heal wounds
 e - a potion of haste
 f - 2 potions of magic


   Skills:
 + Level 2.5 Fighting
 + Level 5.1 Long Blades
 + Level 2.8 Dodging
 + Level 2.6 Spellcasting
 + Level 6.1 Conjurations


You had 6 spell levels left.
You knew the following spells:

 Your Spells              Type           Power      Damage    Failure   Level
a - Kiss of Death         Conj/Necr      36%        2d8       9%          1

Your spell library contained the following spells:

 Spells                   Type           Power      Damage    Failure   Level
 Momentum Strike          Conj/Tloc      18%        3d8       13%         2
 Hailstorm                Conj/Ice       9%         3d6       26%         3


Dungeon Overview and Level Annotations

Branches:
Dungeon (1/1)

Altars:

Annotations:
D Crazy Yiuf


Innate Abilities, Weirdness & Mutations

You have a beak for a mouth.
You have claws for feet.
You can magically evade attacks while moving or waiting.


Message History

You have reached level 2!
You have reached level 3!
Your experience leads to an increase in your attributes!
Increase (S)trength, (I)ntelligence, or (D)exterity?
You feel agile. x2
Things that are here:
a +0 dagger; a +0 robe
i - a scroll labelled ETIZXI XONE HP restored.
Magic restored.
Things that are here:
a +0 dagger; a +0 robe A human comes into view.
Crazy Yiuf the Enlightened comes into view.
He is wielding a +3 quarterstaff of chaos.
The human shouts!
Crazy Yiuf shouts!
The negative energy hits Crazy Yiuf.
Crazy Yiuf is drained!
Crazy Yiuf is moderately wounded.
You feel drained.
Crazy Yiuf hits you with a +3 quarterstaff of chaos!
You are poisoned.
You feel better. Crazy Yiuf barely misses you.
You hit Crazy Yiuf but do no damage. Your kick misses Crazy Yiuf.
Crazy Yiuf is moderately wounded.
Crazy Yiuf barely misses you.
You hit Crazy Yiuf but do no damage. You claw Crazy Yiuf, but do no damage.
Crazy Yiuf is moderately wounded.
Crazy Yiuf hits you with a +3 quarterstaff of chaos!
Ouch! That really hurt!
You feel your power leaking away.
You are too injured to fight recklessly!
A red film seems to cover your vision as you go berserk!
You feel yourself moving faster!
You feel mighty!
Crazy Yiuf hits you with a +3 quarterstaff of chaos.
* * * LOW HITPOINT WARNING * * *
Crazy Yiuf burns you.
* * * LOW HITPOINT WARNING * * *
You closely miss Crazy Yiuf.
Crazy Yiuf is moderately wounded.
Crazy Yiuf hits you with a +3 quarterstaff of chaos!
You die...

▓..##..)....# .#
▓##.##.##...# .#
##.##.###..# ..#
▓#.####.##..# ...+
▓.###..##..##
#...# ▓#.†...##..#
#....#
###..##...##.....#
##..##....#g.....#
#..###..##@#.....#
#).# #..#####....#
▓▓▓▓ ▓▓▓▓ ▓▓▓▓▓


You could see Crazy Yiuf (very drained).

Vanquished Creatures
  Jessica (D)
  2 rats (D)
3 creatures vanquished.

Notes
Turn   | Place    | Note
-------+----------+-------------------------------------------
     0 | D        | Minsecho the Tengu Reaver began the quest for the Orb.
     0 | D        | Reached XP level 1. HP: 12/12 MP: 4/4
    27 | D        | Noticed Jessica
    32 | D        | Killed Jessica
    33 | D        | Reached skill level 5 in Long Blades
    33 | D        | Reached skill level 6 in Conjurations
    33 | D        | Reached XP level 2. HP: 15/18 MP: 3/6
    33 | D        | Reached XP level 3. HP: 19/22 MP: 3/7
    88 | D        | Noticed Crazy Yiuf
    96 | D        | Slain by Crazy Yiuf

Illustrated notes

Levels and vault maps discovered:
D:        dungeon_sprint_mu [sprint_mu_entry_cave, sprint_mu_temple_rooms,
          sprint_mu_d1_spiders, sprint_mu_d2_genie, sprint_mu_d3_branching,
          sprint_mu_orc_legion, sprint_mu_elf_gauntlet, sprint_mu_hive_nellie,
          sprint_mu_lair_fedhas, sprint_mu_vaults_butterflies,
          sprint_mu_slime_circle, sprint_mu_swamp_cave, sprint_mu_shoals_archi,
          sprint_mu_blade_basic, sprint_mu_crypt_chambers,
          sprint_mu_tomb_spiral, sprint_mu_vestibule_basic,
          sprint_mu_gehenna_hellfire, sprint_mu_dis_giant,
          sprint_mu_tartarus_statrot, sprint_mu_cocytus_islands, sprint_mu_zot1]

Skill      XL: |  1 |
---------------+----+-----
Long Blades    | 5 |  5.1
Conjurations   | 6 |  6.1
Fighting       | |  2.5
Dodging        | |  2.8
Spellcasting   | |  2.6

Action                     || total
---------------------------++-------
  Melee: Falchion          ||     7
         Kick              ||     1
   Cast: Kiss of Death     ||     2
    Use: Potion            ||     2
 Armour: Leather armour    ||     4
  Dodge: Dodged            ||     4
